 Dungeon Crawl Stone Soup version 0.29.1-15-g9cfb28693d (webtiles) character file.

Game seed: 13122872972192137700

4504 coffeetime the Protected (level 10, -2/93 HPs)
             Began as a Minotaur Berserker on July 10, 2023.
             Was an Elder of Trog.
             Slain by an orc warlord
             ... wielding a +6 broad axe
              (32 damage)
             ... in a bailey.
             The game lasted 00:22:40 (7749 turns).

coffeetime the Protected (Minotaur Berserker)       Turns: 7749, Time: 00:22:41

Health: -2/93      AC: 17    Str: 27    XL:     10   Next: 16%
Magic:  9/9        EV: 10    Int:  4    God:    Trog [****..]
Gold:   509        SH:  5    Dex:  9    Spells: 9/9 levels left

rFire   . . .      SeeInvis .   y - +2 glaive (venom)
rCold   + . .      Faith    .   (shield currently unavailable)
rNeg    . . .      Spirit   .   l - +0 chain mail
rPois   +          Reflect  +   (helmet restricted)
rElec   .          Harm     .   s - +1 cloak
rCorr   .          Rampage  .   O - +0 pair of gloves
Will    .....                   Q - +0 pair of boots
Stlth   ..........              q - amulet of reflection
HPRegen 0.25/turn               e - ring of poison resistance
MPRegen 0.11/turn               v - ring of protection from cold

@: invisible
A: horns 2, retaliatory headbutt
a: Renounce Religion, Berserk, Trog's Hand, Brothers in Arms


You were in a bailey.
You worshipped Trog.
Trog was greatly pleased with you.
You visited 1 branch of the dungeon, and saw 9 of its levels.
You also visited: Sewer and Bailey.

You collected 509 gold pieces.

Inventory:

Hand Weapons
 y - a +2 glaive of venom (weapon)
 D - the +6 falchion of Qejuf {freeze, *Slow rElec rPois Int+3}
   (You found it in a sewer)

   It freezes those it strikes, dealing additional cold damage.
   It can also slow down cold-blooded creatures.
   Int:       It affects your intelligence (+3).
   rElec:     It insulates you from electricity.
   rPois:     It protects you from poison.
   *Slow:     It may slow you when you take damage.
 G - a +0 shortbow
 J - a +2 falchion of freezing
Missiles
 w - 23 poisoned darts (quivered)
 F - 2 curare-tipped darts
 I - 24 boomerangs
Armour
 b - a +0 plate armour
 l - a +0 chain mail (worn)
 s - a +1 cloak (worn)
 H - the +1 ring mail of Crawling {rN+++ Regen+ Dex-4}
   (You found it on level 5 of the Dungeon)

   Dex:       It affects your dexterity (-4).
   rN:        It renders you almost immune to negative energy.
   Regen:     It increases your rate of health regeneration.
 N - a +0 tower shield
 O - a +0 pair of gloves (worn)
 Q - a +0 pair of boots (worn)
Jewellery
 e - a ring of poison resistance (left hand)
 q - an amulet of reflection (around neck)
 v - a ring of protection from cold (right hand)
 K - an amulet of the acrobat
Wands
 t - a wand of charming (10)
 P - a wand of flame (21)
Scrolls
 a - 2 scrolls of fear {unknown}
 d - 2 scrolls of magic mapping
 f - 2 scrolls of vulnerability {unknown}
 h - a scroll of torment {unknown}
 j - 4 scrolls of teleportation
 o - 2 scrolls of enchant armour {unknown}
 p - 3 scrolls of blinking
 r - 3 scrolls of enchant weapon
 u - 3 scrolls of butterflies {unknown}
 x - a scroll of immolation {unknown}
 E - 2 scrolls of poison {unknown}
 M - a scroll of acquirement
Potions
 c - 6 potions of curing
 g - 3 potions of lignification {unknown}
 i - 4 potions of cancellation {unknown}
 k - a potion of magic {unknown}
 m - 3 potions of heal wounds {unknown}
 n - 2 potions of resistance {unknown}
 z - a potion of attraction {unknown}
 A - 5 potions of haste {unknown}
 B - 2 potions of might {unknown}
 L - a potion of flight {unknown}


   Skills:
 + Level 9.9 Fighting
 - Level 4.0 Axes
 * Level 4.2 Throwing
 + Level 11.3 Armour
 + Level 6.0 Dodging
 - Level 4.1 Stealth
 - Level 1.0 Shields
 * Level 1.5 Evocations


You had 9 spell levels left.
You didn't know any spells.
Your spell library was empty.

Dungeon Overview and Level Annotations

Branches:
Dungeon (9/15)             Temple (0/1) D:5           Sewer (visited)
 Bailey (1/1)
   Lair: D:8-11         Orc: D:9-12

Altars:
Cheibriados
Hepliaklqana
Kikubaaqudgha
Nemelex Xobeh
Sif Muna
Trog
Uskayaw
Xom
Yredelemnul
Zin

Shops:
D:5 *


Innate Abilities, Weirdness & Mutations

You have a pair of horns on your head.
You reflexively headbutt those who attack you in melee.


Message History

The orc warlord is lightly wounded.
The orc warlord hits you with a +6 broad axe!
The orc warlord barely misses you. You block the orc warlord's attack.
You slash the orc warlord!
The orc warlord looks as sick as possible!
You headbutt the orc warlord.
The orc warlord is lightly wounded.
The orc warlord completely misses you. You furiously retaliate!
You headbutt the orc warlord. You barely miss the orc warlord.
Your headbutt misses the orc warlord.
The orc warlord is moderately wounded.
You feel the effects of Trog's Hand fading.
The orc warlord closely misses you.
The orc warlord hits you with a +6 broad axe!!
You hit the orc warlord.
You headbutt the orc warlord, but do no damage.
The orc warlord is moderately wounded.
The orc warlord hits you with a +6 broad axe!!
Your skin stops crawling.
You feel less strong-willed.
There is an open door here.
Things that are here:
a +0 hand axe; a +0 leather armour
Things that are here:
a +0 war axe; a +0 ring mail; an orc corpse
There is an open door here.
You see here a kobold corpse.
You feel better.
The orc warlord hits you with a +6 broad axe.
You fade further into invisibility.
The orc warlord hits you with a +6 broad axe!
You closely miss the orc warlord. You headbutt the orc warlord!
The orc warlord is heavily wounded.
The orc warlord completely misses you. You block the orc warlord's attack.
There is an open gate here.
You slash the orc warlord!
The orc warlord is heavily wounded.
The orc warlord looks more healthy.
The orc warlord closely misses you.
The orc warlord hits you with a +6 broad axe!!
You die...

♣♣♣♣♣ ♣♣♣♣♣♣♣.∩.♣♣♣♣♣♣♣♣♣♣
≈≈≈.........≈≈≈≈≈≈♣
≈≈≈....∩....≈≈≈≈≈≈≈
#####......)..#####
##...##.....).##...##
##.....##....÷##.....##
##...8...##@''##...8...##
##.........o.............##
#.........................#
#..8..8.............8..8..#
#.......†.................#
##......####...####......##
♣##....##~~#####~~##....##
♣.##.).#~}?8...8?)~#...##
♣♣..###'#~.........~#)###..♣♣


You could see an orc warlord (unable to see you).

Vanquished Creatures
  An orc knight (Bailey)
  A troll (D:8)
  Grinder (D:5)
  2 wyverns (D:7)
  A steam dragon (D:8)
  Menkaure (D:6)
  Duvessa (D:4)
  7 orc warriors
  A black bear (D:4)
  3 ice beasts
  A sky beast (D:8)
  2 ogres (D:5)
  A centaur (D:8)
  4 phantoms
  3 kobold brigands (Sewer)
  Blork the orc (D:4)
  2 bullfrogs
  A necrophage (D:6)
  A scorpion (D:7)
  Dowan (D:4)
  4 killer bees (D:8)
  5 jellies
  A hound (D:5)
  An orc priest (D:6)
  Crazy Yiuf (D:2)
  An iguana (D:7)
  6 orc wizards
  4 gnolls
  5 adders
  A river rat (D:5)
  A shadow imp (D:7)
  A white imp (D:8)
  An ufetubus (D:7)
  3 dart slugs
  16 orcs
  4 ball pythons
  5 bats
  3 endoplasms
  5 giant cockroaches
  12 goblins
  5 hobgoblins
  3 jackals (D:2)
  3 quokkas
  7 frilled lizards
  32 kobolds
  5 rats
171 creatures vanquished.

Vanquished Creatures (others)
  11 plants
11 creatures vanquished.

Grand Total: 182 creatures vanquished

Notes
Turn   | Place    | Note
-------+----------+-------------------------------------------
     0 | D:1      | coffeetime the Minotaur Berserker began the quest for the
                  | Orb.
     0 | D:1      | Reached XP level 1. HP: 19/19 MP: 0/0
   344 | D:1      | Reached XP level 2. HP: 27/27 MP: 1/1
   555 | D:1      | You fall into a shaft and drop 1 floor!
   555 | D:2      | Found a shimmering blue altar of Sif Muna.
   689 | D:2      | Found a faded altar of an unknown god.
   706 | D:2      | Reached XP level 3. HP: 27/34 MP: 2/2
  1022 | D:2      | Reached ** piety under Trog
  1187 | D:2      | Found a runed translucent door.
  1188 | D:2      | Noticed Crazy Yiuf
  1209 | D:2      | Killed Crazy Yiuf
  1210 | D:2      | Reached skill level 5 in Fighting
  1288 | D:3      | Reached XP level 4. HP: 42/42 MP: 3/3
  1292 | D:3      | Reached skill level 3 in Armour
  1464 | D:3      | Found a bloodstained altar of Trog.
  1553 | D:3      | Found a hide-covered altar of Uskayaw.
  1929 | D:3      | Found a shimmering altar of Xom.
  2169 | D:4      | Noticed Blork the orc
  2178 | D:4      | Killed Blork the orc
  2179 | D:4      | Reached skill level 1 in Stealth
  2179 | D:4      | Reached XP level 5. HP: 48/48 MP: 4/4
  2193 | D:4      | Noticed Dowan
  2214 | D:4      | Killed Dowan
  2215 | D:4      | Reached skill level 4 in Armour
  2219 | D:4      | Noticed Duvessa
  2224 | D:4      | Noticed a black bear
  2225 | D:4      | Killed Duvessa
  2226 | D:4      | Reached XP level 6. HP: 57/57 MP: 5/5
  2230 | D:4      | Reached skill level 1 in Shields
  2262 | D:4      | Reached skill level 5 in Armour
  2590 | D:5      | Entered Level 5 of the Dungeon
  2659 | D:5      | Found a glowing drain.
  2663 | Sewer    | Entered a sewer
  2748 | Sewer    | Reached XP level 7. HP: 64/64 MP: 6/6
  2831 | Sewer    | Reached *** piety under Trog
  2833 | Sewer    | Identified the +6 falchion of Qejuf {freeze, *Slow rElec
                  | rPois Int+3}
  2948 | Sewer    | Reached skill level 6 in Armour
  3028 | D:5      | Noticed Grinder
  3074 | D:5      | Killed Grinder
  3252 | D:5      | Found a sparkling altar of Nemelex Xobeh.
  3325 | D:5      | Reached skill level 7 in Armour
  3352 | D:5      | Found a staircase to the Ecumenical Temple.
  3357 | D:5      | Identified the +1 chain mail "Waliaxuy" {Rampage Will++
                  | Str+3}
  3504 | D:5      | Reached XP level 8. HP: 72/73 MP: 7/7
  3505 | D:5      | Identified the +1 ring mail of Crawling {rN+++ Regen+
                  | Dex-4}
  3543 | D:5      | Reached skill level 5 in Dodging
  3748 | D:5      | Reached skill level 8 in Armour
  3769 | D:5      | Found Dinwoyto's Lightly-Used Armoury.
  3967 | D:6      | Reached skill level 1 in Throwing
  4148 | D:6      | Reached skill level 9 in Armour
  4759 | D:6      | Noticed Menkaure
  4771 | D:6      | Killed Menkaure
  4772 | D:6      | Reached XP level 9. HP: 78/82 MP: 8/8
  5183 | D:7      | Found a glowing silver altar of Zin.
  5441 | D:7      | Found an ancient bone altar of Kikubaaqudgha.
  6210 | D:7      | Found a basalt altar of Yredelemnul.
  6212 | D:7      | Found a snail-covered altar of Cheibriados.
  6213 | D:7      | Found a hazy altar of Hepliaklqana.
  6508 | D:8      | Reached skill level 10 in Armour
  6878 | D:8      | Noticed a troll
  6891 | D:8      | Killed a troll
  7474 | D:9      | Found a flagged portal.
  7490 | Bailey   | Entered a bailey
  7495 | Bailey   | Noticed an orc warlord
  7508 | Bailey   | Reached **** piety under Trog
  7539 | Bailey   | Reached XP level 10. HP: 92/92 MP: 9/9
  7541 | Bailey   | Reached skill level 1 in Evocations
  7559 | Bailey   | Noticed an orc knight
  7563 | Bailey   | Reached skill level 11 in Armour
  7570 | Bailey   | Killed an orc knight
  7655 | Bailey   | Found a runed translucent gate.
  7657 | Bailey   | Found a runed translucent gate.
  7659 | Bailey   | Found a runed translucent gate.
  7749 | Bailey   | Slain by an orc warlord

Illustrated notes

Levels and vault maps discovered:
D:1:      dpeg_arrival_boxes_within_box, layout_loops_corners
D:2:      layout_basic, serial_forest, infiniplex_forest_straight_4,
          infiniplex_forest_lined_3_way, infiniplex_forest_lined_room_2,
          infiniplex_forest_clump_long, infiniplex_forest_zigzag_1, basic_altar,
          ebering_ecumenical_altar_mist, chequers_serial_rivers_room_b,
          serial_bayou_lagoon_a, uniq_crazy_yiuf_cottage
D:3:      layout_basic, tgw_xom, overflow_temple_1_default, old_standard_altar
D:4:      layout_rooms, uniq_blork_the_orc, uniq_duvessa
D:5:      layout_loops_ring, nemelex_spade_bored_becter,
          minmay_temple_entry_statues_fountains, gup_sewer_entry_bowl,
          minmay_shop_damaged, uniq_grinder
D:6:      minmay_spotlight, layout_loops_ring, dreamdust_princess_bridge,
          uniq_menkaure
D:7:      layout_cave_pods, zin_academy, minitemple,
          mainiacjoe_overflow_cross_hatched, serial_column_ruins,
          column_ruins_hut_ruined, column_ruins_square_medium,
          column_ruins_grid_1, column_ruins_open_tiny,
          column_ruins_columns_straight, column_ruins_grid_3,
          column_ruins_corridor_dead_end, column_ruins_grid_1
D:8:      layout_basic
D:9:      layout_stronghold, overflow_temple_1_default, dpeg_lair_monsters,
          enter_bailey_3, uniq_harold
Bailey:   bailey_axe_bossmonster_kennysheep, bailey

Skill      XL: |  1  2  3  4  5  6  7  8  9 10 |
---------------+-------------------------------+-----
Fighting       | 4 5 6 7 8 9 |  9.9
Axes           | 4 |  4.0
Armour         | 3 4 5 7 9 10 11 | 11.3
Dodging        | 3 4 5 6 |  6.0
Stealth        | 1 3 4 |  4.1
Shields        | 1 |  1.0
Throwing       | 2 4 |  4.2
Evocations     | 1 |  1.5

Action                   |  1- 3 |  4- 6 |  7- 9 | 10-12 || total
-------------------------+-------+-------+-------+-------++-------
Melee: Hand axe          |    51 |    60 |       |       ||   111
       Headbutt          |     6 |    14 |    42 |    12 ||    74
       Punch             |     1 |       |       |       ||     1
       Glaive            |       |    45 |   281 |    40 ||   366
Throw: Dart              |       |       |     2 |       ||     2
Invok: Berserk           |     2 |     2 |     3 |     1 ||     8
       Trog's Hand       |       |       |     3 |     2 ||     5
  Use: Scroll            |       |     6 |     1 |       ||     7
       Potion            |       |       |       |     3 ||     3
 Stab: Sleeping          |     1 |       |       |       ||     1
Armor: Animal skin       |    10 |       |       |       ||    10
       Chain mail        |     8 |    56 |   188 |    11 ||   263
Dodge: Dodged            |    37 |    35 |   181 |    27 ||   280
Block: Other             |     3 |    25 |    87 |     6 ||   121
       Reflection        |       |     1 |     1 |       ||     2
